 Dungeon Sprint DCSS version 0.31-a0-276-ge00219d475 (webtiles) character file.

Game seed: 6744337809077105006

5410 Conn the Arsonist (level 10, -23/60 HPs)
             Began as an Octopode Fire Elementalist on July 15, 2023.
             Was a High Priest of Sif Muna.
             Killed from afar by a Brimstone Fiend (35 damage)
             ... with damnation
             ... summoned by a deep elf demonologist
             ... in the Dungeon (Sprint III: "The Ten Rune Challenge").
             The game lasted 00:18:48 (1441 turns).

Conn the Arsonist (Octopode Fire Elementalist)      Turns: 1441, Time: 00:18:49

Health: -23/60     AC:  1    Str:  7    XL:     10   Next: 67%
Magic:  6/27       EV: 15    Int: 23    God:    Sif Muna [*****.]
Gold:   2244       SH:  0    Dex: 12    Spells: 1/35 levels left

rFire   . . .        h - +2 dagger (freeze)
rCold   . . .        (no shield)
rNeg    . . .        (helmet restricted)
rPois   .            (no amulet)
rElec   .            (no ring)
rCorr   .            (no ring)
SInv    .            (no ring)
Will    .....        (no ring)
Stlth   ++++         (no ring)
HPRegen 0.30/turn    (no ring)
MPRegen 0.20/turn    (no ring)
                     (no ring)

%: no teleportation
@: no status effects
A: almost no armour, amphibious, 8 rings, camouflage 1, gelatinous body 1,
(nimble swimmer 1), tentacles
a: Renounce Religion, Channel Magic, Forget Spell, Divine Exegesis


You were in the Dungeon.
You worshipped Sif Muna.
Sif Muna was extremely pleased with you.
You visited 1 branch You collected 2888 gold pieces.
You spent 644 gold pieces at shops.

Inventory:

Hand Weapons
 f - a +0 dagger
 h - a +2 dagger of freezing (weapon)
 l - a +2 long sword of holy wrath
 m - a +0 dagger of venom
Scrolls
 g - 2 scrolls of identify
 j - a scroll of torment
Potions
 a - 2 potions of magic
 b - a potion of curing
 e - a potion of berserk rage
 i - 2 potions of enlightenment
 k - 6 potions of mutation


   Skills:
 + Level 2.0 Fighting
 + Level 5.5 Dodging
 - Level 5.7 Stealth
 + Level 13.1 Spellcasting
 + Level 5.6 Conjurations
 + Level 4.1 Hexes
 * Level 6.9 Summonings
 + Level 14.9 Fire Magic
 * Level 7.5 Ice Magic
 * Level 3.9 Air Magic
 + Level 0.3 Invocations


You had one spell level left.
You knew the following spells:

 Your Spells              Type           Power      Damage    Failure   Level
a - Foxfire               Conj/Fire      100%       2x1d9     1%          1
b - Scorch                Fire           100%       2d9       0%          2
c - Inner Flame           Hex/Fire       56%        N/A       1%          3
d - Flame Wave            Conj/Fire      58%        2d14      1%          4
e - Ozocubu's Armour      Ice            49%        N/A       1%          3
f - Summon Cactus Giant   Summ           23%        N/A       34%         6
g - Summon Ice Beast      Ice/Summ       48%        N/A       1%          4
h - Plasma Beam           Fire/Air       27%        2x1d40    13%         6
i - Fireball              Conj/Fire      29%        3d13      1%          5

Your spell library contained the following spells:

 Spells                   Type           Power      Damage    Failure   Level
 Summon Small Mammal      Summ           100%       N/A       1%          1
 Call Imp                 Summ           94%        N/A       1%          2
 Volatile Blastmotes      Fire/Tloc      98%        2d18      1%          3
 Summon Mana Viper        Hex/Summ       40%        N/A       12%         5
 Ozocubu's Refrigeration  Ice            24%        4d12      85%         7
 Eringya's Noxious Bog    Tmut/Pois      7%         4d6       99%         6


Dungeon Overview and Level Annotations

Branches:
Dungeon (1/1)

Altars:
Dithmenos
Elyvilon
Kikubaaqudgha
Okawaru
Ru
Sif Muna
Trog
Uskayaw
Vehumet
Wu Jian
Yredelemnul
Zin
The Shining One

Shops:
D :


Innate Abilities, Weirdness & Mutations

You cannot wear most types of armour.
You are amphibious.
You can wear up to eight rings at the same time.
Your skin changes colour to match your surroundings (Stealth+).
Your rubbery body absorbs attacks. (AC +1, EV +1)
((You are camouflaged when in or above water. (Stealth+)))
You have tentacles for arms and can constrict up to eight enemies at once.


Message History

Okay, then.
Unknown command.
Unknown command.
Something hits your cactus giant!! Something hits your cactus giant! x2
Something hits your cactus giant!! Something hits your cactus giant!
Your cactus giant is destroyed!
Your cactus giant disappears in a puff of smoke!
You close the door.
Something unseen opens the door.
You close the door.
Something unseen opens the door.
You close the door.
Something unseen opens the door.
You close the door.
Something unseen opens the door.
You close the door.
Something unseen breaks down the door.
Okay, then.
Unknown command.
Unknown command.
Casting: Summon Cactus Giant (extremely dangerous; 34% risk of failure)
Confirm with . or Enter, or press ? or * to list all spells.
The spell is extremely dangerous to miscast (34% risk of failure)!
Continue anyway?
You swap places.
The Brimstone Fiend is struck by your cactus giant's spines.
The Brimstone Fiend hits your cactus giant.
The Brimstone Fiend hits your cactus giant! x2
Casting: Summon Cactus Giant (extremely dangerous; 34% risk of failure)
Confirm with . or Enter, or press ? or * to list all spells.
Aiming: Inner Flame (safe; 1% risk of failure)
Press: ? - help, Dir - move target, f - Brimstone Fiend
Aim: a Brimstone Fiend (lightly wounded, summoned, ally target, infinite will)
The Brimstone Fiend has infinite will and cannot be affected.
Okay, then.
Unknown command.
Casting: Inner Flame (safe; 1% risk of failure)
Confirm with . or Enter, or press ? or * to list all spells.
Okay, then.
Unknown command.
The Brimstone Fiend gestures at you.
The sphere of damnation explodes!
The damnation engulfs your cactus giant!!
The damnation engulfs you!!
Ouch! That really hurt!
You die...

▓▓▓ ▓▓▓▓ ##########.##
#..######## ###
#___#__#.#.∩####..1.....# e..'
#__.#[_#....)....C#.#...##≈≈≈≈#
#'###'##.)).))..@##)#...≈≈≈eee.
.......#..))[...###.#...##≈≈≈≈#
.......#.)[[#§§.###.))..# e..e
######'#))###§##..####### ### #
#...#'###§###### #
#...#§§~~~+.# # #..)#)#§~~#.# #
#...'.#.§§# # # +...#.#§..#


You could see a Brimstone Fiend (summoned, ally target) and a friendly cactus
giant (summoned).

Vanquished Creatures
  Josephine (D)
  2 orc high priests (D)
  A deep elf zephyrmancer (D)
  5 deep elf pyromancers (D)
  A shadow (D)
  2 orc warriors (D)
  A scorpion (D)
  A water elemental (D)
  A necrophage (D)
  A jelly (D)
  4 orc priests (D)
  Jessica (D)
  A wizard (D)
  A necromancer (D)
  3 orc wizards (D)
  3 humans (D)
  A kobold demonologist (D)
  7 orcs (D)
  3 rats (D)
40 creatures vanquished.

Vanquished Creatures (others)
  39 foxfires (D)
39 creatures vanquished.

Grand Total: 79 creatures vanquished

Notes
Turn   | Place    | Note
-------+----------+-------------------------------------------
     0 | D        | Conn the Octopode Fire Elementalist began the quest for the
                  | Orb.
     0 | D        | Reached XP level 1. HP: 11/11 MP: 3/3
    48 | D        | Noticed Jessica
    52 | D        | Killed Jessica
    53 | D        | Reached skill level 5 in Fire Magic
    53 | D        | Reached XP level 2. HP: 17/17 MP: 0/6
    53 | D        | Reached XP level 3. HP: 21/21 MP: 0/7
    61 | D        | Learned a level 2 spell: Scorch
    65 | D        | Learned a level 3 spell: Inner Flame
   135 | D        | Noticed a scorpion
   140 | D        | Killed a scorpion
   141 | D        | Reached skill level 6 in Fire Magic
   141 | D        | Reached XP level 4. HP: 18/27 MP: 1/10
   143 | D        | Reached skill level 7 in Fire Magic
   229 | D        | Learned a level 4 spell: Flame Wave
   245 | D        | Noticed a water elemental
   248 | D        | Killed a water elemental
   249 | D        | Reached skill level 5 in Spellcasting
   249 | D        | Reached skill level 8 in Fire Magic
   249 | D        | Reached XP level 5. HP: 31/31 MP: 4/12
   315 | D        | Noticed a human
   315 | D        | Noticed a human
   324 | D        | Killed a human
   325 | D        | Reached skill level 5 in Stealth
   325 | D        | Reached skill level 9 in Fire Magic
   325 | D        | Reached XP level 6. HP: 26/36 MP: 1/15
   327 | D        | Killed a human
   328 | D        | Reached skill level 5 in Dodging
   328 | D        | Reached skill level 10 in Fire Magic
   328 | D        | Reached XP level 7. HP: 21/41 MP: 1/17
   446 | D        | Found an ornate altar of the Wu Jian Council.
   447 | D        | Found a hide-covered altar of Uskayaw.
   447 | D        | Found a bloodstained altar of Trog.
   448 | D        | Found an iron altar of Okawaru.
   463 | D        | Found a radiant altar of Vehumet.
   463 | D        | Found a shimmering blue altar of Sif Muna.
   463 | D        | Found an ancient bone altar of Kikubaaqudgha.
   474 | D        | Became a worshipper of Sif Muna the Loreminder
   521 | D        | Found a glowing silver altar of Zin.
   521 | D        | Found a glowing golden altar of the Shining One.
   521 | D        | Found a white marble altar of Elyvilon.
   522 | D        | Noticed a deep elf pyromancer
   526 | D        | Killed a deep elf pyromancer
   527 | D        | Reached skill level 1 in Hexes
   527 | D        | Reached skill level 12 in Fire Magic
   527 | D        | Reached XP level 8. HP: 7/47 MP: 12/21
   726 | D        | Found a basalt altar of Yredelemnul.
   726 | D        | Found a shadowy altar of Dithmenos.
   726 | D        | Found a sacrificial altar of Ru.
   728 | D        | Reached * piety under Sif Muna
   792 | D        | Learned a level 3 spell: Ozocubu's Armour
   799 | D        | Learned a level 6 spell: Summon Cactus Giant
   803 | D        | Noticed a shadow
   806 | D        | Killed a shadow
   807 | D        | Reached skill level 1 in Fighting
   807 | D        | Reached skill level 1 in Summonings
   807 | D        | Reached skill level 1 in Ice Magic
   849 | D        | Noticed Josephine
   855 | D        | Killed Josephine
   855 | D        | Reached ** piety under Sif Muna
   856 | D        | Reached skill level 10 in Spellcasting
   856 | D        | Reached skill level 13 in Fire Magic
   856 | D        | Reached XP level 9. HP: 53/53 MP: 11/23
   931 | D        | Found Foni's Book Shop.
   931 | D        | Noticed an orc high priest
   933 | D        | Killed an orc high priest
   933 | D        | Reached *** piety under Sif Muna
   933 | D        | Reached **** piety under Sif Muna
   934 | D        | Reached skill level 5 in Conjurations
   934 | D        | Reached skill level 5 in Summonings
   934 | D        | Reached skill level 5 in Ice Magic
   964 | D        | Noticed an orc high priest
   974 | D        | Killed an orc high priest
   974 | D        | Reached ***** piety under Sif Muna
   975 | D        | Reached skill level 14 in Fire Magic
  1001 | D        | Received a gift from Sif Muna
  1002 | D        | Reached XP level 10. HP: 60/60 MP: 4/26
  1004 | D        | Got Boalerosch's Quarto of Congregated Cinders {god gift}
  1054 | D        | Learned a level 4 spell: Summon Ice Beast
  1061 | D        | Learned a level 6 spell: Plasma Beam
  1092 | D        | Bought Xomaen's Codex of Polytheism for 644 gold pieces
  1114 | D        | Noticed a deep elf zephyrmancer
  1114 | D        | Noticed a deep elf pyromancer
  1114 | D        | Noticed a deep elf pyromancer
  1114 | D        | Noticed a deep elf pyromancer
  1114 | D        | Noticed a deep elf pyromancer
  1144 | D        | Killed a deep elf pyromancer
  1145 | D        | Reached skill level 1 in Air Magic
  1146 | D        | Killed a deep elf zephyrmancer
  1146 | D        | Killed a deep elf pyromancer
  1147 | D        | Killed a deep elf pyromancer
  1167 | D        | Killed a deep elf pyromancer
  1270 | D        | Learned a level 5 spell: Fireball
  1270 | D        | Noticed a deep elf demonologist
  1271 | D        | Noticed a deep elf demonologist
  1272 | D        | Noticed a cacodemon
  1405 | D        | Noticed a deep elf master archer
  1406 | D        | Noticed a deep elf high priest
  1409 | D        | Identified the +3 spear "Pits" {venom, Drain rN+ rCorr
                  | SInv}
  1409 | D        | Noticed a deep elf annihilator
  1417 | D        | Noticed a deep elf death mage
  1420 | D        | Noticed a Brimstone Fiend
  1441 | D        | Killed from afar by a Brimstone Fiend

Illustrated notes

Levels and vault maps discovered:
D:        dungeon_sprint_mu [sprint_mu_entry_forest, sprint_mu_temple_rooms,
          sprint_mu_d1_horrors, sprint_mu_d2_genie, sprint_mu_d3_branching,
          sprint_mu_orc_legion, sprint_mu_elf_gauntlet, sprint_mu_hive_nellie,
          sprint_mu_lair_fedhas, sprint_mu_vaults_butterflies,
          sprint_mu_slime_circle, sprint_mu_swamp_cave, sprint_mu_snake_twists,
          sprint_mu_blade_basic, sprint_mu_crypt_fortress,
          sprint_mu_tomb_spiral, sprint_mu_vestibule_basic,
          sprint_mu_gehenna_hellfire, sprint_mu_dis_giant,
          sprint_mu_tartarus_statrot, sprint_mu_cocytus_islands, sprint_mu_zot1]

Skill      XL: |  1  2  3  4  5  6  7  8  9 10 |
---------------+-------------------------------+-----
Dodging        | 3 4 5 |  5.5
Stealth        | 3 4 5 |  5.7
Spellcasting   | 3 4 5 6 7 9 10 12 13 | 13.1
Fire Magic     | 5 6 8 9 10 12 13 14 | 14.9
Conjurations   | 2 3 4 5 |  5.6
Hexes          | 1 2 3 4 |  4.1
Fighting       | 1 2 |  2.0
Summonings     | 3 5 6 |  6.9
Ice Magic      | 3 5 7 |  7.5
Air Magic      | 3 |  3.9
Invocations    | |  0.3

Action                     |  1- 3 |  4- 6 |  7- 9 | 10-12 || total
---------------------------+-------+-------+-------+-------++-------
  Melee: Unarmed           |     1 |       |       |       ||     1
         Constrict         |     1 |       |       |       ||     1
         Tentacles         |     1 |       |       |       ||     1
   Cast: Foxfire           |     9 |     4 |     5 |     6 ||    24
         Scorch            |     2 |     4 |    18 |     9 ||    33
         Flame Wave        |       |     1 |     3 |     1 ||     5
         Inner Flame       |       |     1 |     3 |     9 ||    13
         Plasma Beam       |       |       |       |     3 ||     3
         Fireball          |       |       |       |     2 ||     2
         Summon Ice Beast  |       |       |       |     2 ||     2
         Summon Cactus Gia |       |       |       |     2 ||     2
         Ozocubu's Armour  |       |       |       |     1 ||     1
 Invoke: Channel Magic     |       |       |       |     1 ||     1
    Use: Scroll            |       |     1 |     4 |       ||     5
         Potion            |       |       |       |     4 ||     4
 Armour: Skin              |       |       |       |     4 ||     4
  Dodge: Dodged            |       |     1 |     5 |     8 ||    14

Table legend: (Time is in decaauts)
 A = Elapsed time spent in this place.
 B = Non-inter-level travel time spent in this place.
 C = Inter-level travel time spent in this place.
 D = Time resting spent in this place.
 E = Time spent auto-exploring this place.
 F = Levels seen in this place.
 G = Mean time per level.
                   A        B        C        D        E       F      G
               +--------+--------+--------+--------+--------+-----+--------+
         Total |   1420 |   1419 |      1 |    759 |      0 |   1 | 1420.0 |
       Dungeon |   1420 |   1419 |      1 |    759 |      0 |   1 | 1420.0 |
               +--------+--------+--------+--------+--------+-----+--------+

Top non-repeatable levels by time:
       D: 1420 daAuts
